 Dungeon Crawl Stone Soup version 0.30-a0-141-g30f27751c5 (webtiles) character file.

Game seed: 1085926019311424212

1068 SigmundSlayer the Conjurer (level 8, -2/61 HPs)
             Began as a Demonspawn Conjurer on Sept 25, 2022.
             Was a Follower of Ashenzari.
             Slain by a yak (15 damage)
             ... on level 4 of the Dungeon.
             The game lasted 00:06:10 (3505 turns).

SigmundSlayer the Conjurer (Demonspawn Conjurer)    Turns: 3505, Time: 00:06:10

Health: -2/61      AC:  3    Str:  7    XL:     8   Next: 7%
Magic:  16/16      EV: 17    Int: 27    God:    Ashenzari [*.....]
Gold:   110        SH:  0    Dex: 13    Spells: 5/17 levels left

rFire   . . .      SeeInvis .      - Unarmed
rCold   + . .      Faith    .    (no shield)
rNeg    . . .      Spirit   .    a - +0 robe
rPois   .          Reflect  .    (no helmet)
rElec   .          Harm     .    (no cloak)
rCorr   .          Rampage  .    (no gloves)
Will    .....                    m - +0 pair of boots
Stlth   ++........               (no amulet)
HPRegen 0.20/turn                g - ring of the Mantic Negation {rC+, Self, Alch} (curse)
MPRegen 0.15/turn                p - ring "Chained With Me" {Int+6, Elem, Comp} (curse)

@: mighty, agile, on berserk cooldown, slowed, very slow
A: claws 1, powered by pain 2, sturdy frame 1
a: Renounce Religion, Shatter the Chains


You were on level 4 of the Dungeon.
You worshipped Ashenzari.
Ashenzari was aware of your devotion.
You visited 1 branch of the dungeon, and saw 4 of its levels.

You collected 110 gold pieces.

Inventory:

Armour
 a - a +0 robe (worn)
 m - a +0 pair of boots (worn)
Jewellery
 g - the cursed ring of the Mantic Negation (left claw) {rC+, Self, Alch}
   (You found it on level 1 of the Dungeon)

   [ring of protection from cold]

   rC:        It protects you from cold.
   It has a curse which improves the following skills: Introspection: Fighting
   and Spellcasting.
   Alchemy:   Poison Magic and Transmutations.
 p - the cursed ring "Chained With Me" (right claw) {Int+6, Elem, Comp}
   (You found it on level 3 of the Dungeon)

   [ring of intelligence]

   Int:       It affects your intelligence (+6).
   It has a curse which improves the following skills: Elements: Fire Magic, Ice
   Magic, Air Magic and Earth Magic.
   Companions: Summonings and Necromancy.
Scrolls
 c - 4 scrolls of identify
 d - a scroll of poison
 e - a scroll of silence
 f - 3 scrolls of amnesia
 l - a scroll of magic mapping
 o - a scroll of noise
Potions
 k - a potion of haste


   Skills:
 + Level 3.8(4.6) Fighting
 - Level 1.7 Dodging
 - Level 1.7 Stealth
 + Level 3.4 Unarmed Combat
 - Level 4.6(5.4) Spellcasting
 + Level 5.7 Conjurations
 + Level 3.4 Translocations


You had 5 spell levels left.
You knew the following spells:

 Your Spells              Type           Power      Damage    Failure   Level
a - Magic Dart            Conj           100%       1d8       1%          1
b - Searing Ray           Conj           76%        2d7       1%          2
c - Iskenderun's Mystic   Conj/Tloc      32%        2d8       11%         4
d - Freezing Cloud        Conj/Ice/Air   8%         6-21      65%         5

Your spell library contained the following spells:

 Spells                   Type           Power      Damage    Failure   Level
 Dazzling Flash           Conj/Hex       44%        N/A       6%          3
 Stone Arrow              Conj/Erth      46%        3d9       6%          3
 Sandblast                Erth           14%        2d6       7%          1
 Mephitic Cloud           Conj/Pois/Air  18%        N/A       9%          3
 Passwall                 Tmut/Erth      5%         N/A       10%         2
 Ignite Poison            Fire/Tmut/Pois 7%         N/A       21%         3
 Fulminant Prism          Conj/Hex       11%        3d9       22%         4
 Agony                    Necr           7%         N/A       88%         5
 Silence                  Hex/Air        3%         N/A       88%         5


Dungeon Overview and Level Annotations

Branches:
Dungeon (4/15)
 Temple: D:4-7

Altars:
Ashenzari


Innate Abilities, Weirdness & Mutations

You have sharp fingernails.
You sometimes gain power by taking damage.
Your movements are slightly less encumbered by armour. (ER -2)


Message History

You claw the yak!
The yak is almost dead.
The yak closely misses you.
You scratch the yak.
You kill the yak!
You have reached level 8!
You feel agile.
You claw the jelly!
Your claws burn!
The jelly is severely wounded.
You scratch the jelly.
Your claws burn!
The jelly is almost dead.
The jelly hits you but does no damage.
You barely miss the jelly.
The jelly is almost dead.
You claw the jelly!
You kill the jelly!
You scratch the yak.
The yak is lightly wounded.
The yak gores you.
You barely miss the yak.
The yak is lightly wounded.
You scratch the yak.
The yak is lightly wounded.
The yak gores you!
* * * LOW HITPOINT WARNING * * *
You focus on the pain.
You feel agile all of a sudden.
You scratch the yak.
The yak is moderately wounded.
You are no longer berserk.
You are exhausted.
You feel yourself slow down. The yak barely misses you.
You claw the yak!
The yak is heavily wounded.
The yak gores you!
* * * LOW HITPOINT WARNING * * *
You focus on the pain.
You feel your power returning.
Okay, then.
You feel better. The yak gores you!
You die...

.......
#.......
#.......
#.....#
#....##
#.....##+
####........
#YY@....8...
#.##......8.
#.#<........
#Y#####.....
#.# ....
..... #.#
... ....#
#Y#
##+####.....
#.#
#..........Y
#.#
#...........


You could see 2 yaks.

Vanquished Creatures
  Grinder (D:3)
  4 yaks (D:4)
  An ice beast (D:3)
  A jelly (D:4)
  Jessica (D:3)
  An iguana (D:2)
  An orc wizard (D:3)
  Robin (D:3)
  3 adders
  3 worms (D:2)
  2 dart slugs (D:2)
  3 orcs (D:2)
  A bat (D:1)
  2 endoplasms (D:1)
  5 giant cockroaches
  13 goblins
  7 hobgoblins
  2 jackals (D:2)
  3 kobolds (D:1)
  A ball python (D:1)
  6 frilled lizards
  3 rats
65 creatures vanquished.

Notes
Turn   | Place    | Note
-------+----------+-------------------------------------------
     0 | D:1      | SigmundSlayer the Demonspawn Conjurer began the quest for
                  | the Orb.
     0 | D:1      | Reached XP level 1. HP: 13/13 MP: 3/3
   589 | D:1      | Gained mutation: Your movements are slightly less
                  | encumbered by armour. (ER -2) [demonic ancestry]
   589 | D:1      | Reached XP level 2. HP: 19/19 MP: 3/5
   968 | D:1      | Found a faded altar of an unknown god.
   972 | D:1      | Prayed at the altar of an unknown god.
   972 | D:1      | Became a worshipper of Ashenzari the Shackled
  1088 | D:2      | Learned a level 2 spell: Searing Ray
  1198 | D:2      | Reached XP level 3. HP: 24/24 MP: 1/7
  1599 | D:2      | Gained mutation: You have sharp fingernails. [demonic
                  | ancestry]
  1599 | D:2      | Reached XP level 4. HP: 30/30 MP: 3/10
  1778 | D:2      | Learned a level 4 spell: Iskenderun's Mystic Blast
  2161 | D:3      | Noticed Robin
  2395 | D:3      | Killed Robin
  2471 | D:3      | Reached XP level 5. HP: 28/36 MP: 6/12
  2822 | D:3      | Noticed Grinder
  2830 | D:3      | Killed Grinder
  2831 | D:3      | Reached skill level 1 in Fighting
  2831 | D:3      | Reached skill level 1 in Unarmed Combat
  2831 | D:3      | Reached skill level 1 in Translocations
  2831 | D:3      | Gained mutation: You sometimes gain a little power by
                  | taking damage. [demonic ancestry]
  2831 | D:3      | Reached XP level 6. HP: 38/44 MP: 3/13
  3152 | D:3      | Noticed Jessica
  3154 | D:3      | Killed Jessica
  3161 | D:3      | Noticed an ice beast
  3166 | D:3      | Killed an ice beast
  3256 | D:3      | Reached * piety under Ashenzari
  3256 | D:3      | Identified a scroll of acquirement
  3257 | D:3      | Acquired a Trismegistus Codex
  3370 | D:3      | Learned a level 5 spell: Freezing Cloud
  3428 | D:4      | Noticed a yak
  3429 | D:4      | Noticed a yak
  3429 | D:4      | Noticed a yak
  3429 | D:4      | Noticed a yak
  3434 | D:4      | Noticed a yak
  3462 | D:4      | Killed a yak
  3462 | D:4      | Noticed a yak
  3463 | D:4      | Reached skill level 5 in Conjurations
  3463 | D:4      | Gained mutation: You sometimes gain power by taking damage.
                  | [demonic ancestry]
  3463 | D:4      | Reached XP level 7. HP: 34/52 MP: 1/15
  3473 | D:4      | Killed a yak
  3487 | D:4      | Killed a yak
  3494 | D:4      | Killed a yak
  3495 | D:4      | Reached XP level 8. HP: 52/61 MP: 13/16
  3505 | D:4      | Slain by a yak

Illustrated notes

Levels and vault maps discovered:
D:1:      saegor_arrival_miasma, layout_loops_ring,
          nicolae_ecumenical_lake_church, serial_forest,
          infiniplex_forest_zigzag_1, infiniplex_forest_clump_diagonal,
          infiniplex_forest_lined_3, infiniplex_forest_lined_room_3,
          infiniplex_forest_clump_long, infiniplex_forest_straight_1,
          infiniplex_forest_lined_ring
D:2:      layout_loops_ring, grunt_decor_arrowhead,
          minmay_fractal_squares_gapless_5
D:3:      layout_basic, uniq_jessica, uniq_robin, uniq_grinder
D:4:      layout_basic, dk_yredelemnul_ordeal, lemuel_coloured_pillars_altar,
          zin_statuary, worldfamousw_hep_ancestral_shrine,
          minmay_temple_entry_purple_smoke, gammafunk_ghost_cemetery

Skill      XL: |  1  2  3  4  5  6  7 |
---------------+----------------------+-----
Spellcasting   | 3 4 |  4.6
Fighting       | 1 2 3 |  3.8
Unarmed Combat | 1 2 3 |  3.4
Translocations | 1 2 3 |  3.4
Conjurations   | 5 |  5.7
Dodging        | |  1.7
Stealth        | |  1.7

Action                   |  1- 3 |  4- 6 |  7- 9 || total
-------------------------+-------+-------+-------++-------
Melee: Unarmed           |    15 |       |    20 ||    35
 Cast: Magic Dart        |    52 |    46 |       ||    98
       Searing Ray       |     2 |    12 |     1 ||    15
       Iskenderun's Myst |       |     2 |       ||     2
Invok: Curse Item        |       |     2 |       ||     2
  Use: Potion            |     1 |     1 |     3 ||     5
       Scroll            |       |     1 |       ||     1
Armor: Robe              |     6 |     9 |     3 ||    18
Dodge: Dodged            |    13 |    24 |     4 ||    41

Table legend: (Time is in decaauts)
 A = Elapsed time spent in this place.
 B = Non-inter-level travel time spent in this place.
 C = Inter-level travel time spent in this place.
 D = Time resting spent in this place.
 E = Time spent auto-exploring this place.
 F = Levels seen in this place.
 G = Mean time per level.
                   A        B        C        D        E       F      G
               +--------+--------+--------+--------+--------+-----+--------+
         Total |   3501 |   3444 |     57 |    389 |   2630 |   4 |  875.2 |
       Dungeon |   3501 |   3444 |     57 |    389 |   2630 |   4 |  875.2 |
               +--------+--------+--------+--------+--------+-----+--------+

Top non-repeatable levels by time:
     D:2: 1451 daAuts
     D:1: 991 daAuts
     D:3: 949 daAuts
     D:4: 109 daAuts
